 Dungeon Crawl Stone Soup version 0.31-a0-986-g5e6e4ef867 (webtiles) character file.

Game seed: 14171627675688559351

5415 dialectric the Basher (level 10, -1/118 HPs)
             Began as a Demonspawn Berserker on Nov 22, 2023.
             Was an Elder of Trog.
             Succumbed to a merfolk's poison
             ... on level 9 of the Dungeon.
             The game lasted 00:10:18 (7766 turns).

dialectric the Basher (Demonspawn Berserker)        Turns: 7766, Time: 00:10:19

Health: -1/118     AC: 11    Str: 19    XL:     10   Next: 40%
Magic:  10/10      EV: 16    Int:  9    God:    Trog [****..]
Gold:   113        SH:  0    Dex: 19    Spells: 9/9 levels left

rFire   . . .        y - +3 whip (drain)
rCold   . . .        (no shield)
rNeg    . . .        v - +3 ring mail of the Will of the Gods {Dex+4}
rPois   .            H - +0 helmet
rElec   .            (no cloak)
rCorr   .            F - +0 pair of gloves
SInv    .            B - +2 pair of boots
Will    +....        (no amulet) Stlth
                     p - ring of willpower
HPRegen 0.39/turn    (no ring)
MPRegen 0.12/turn

%: no passive effects
@: berserking (expiring), lethally poisoned (-1 -> -21), corroded, very quick
A: hooves 2, repulsion field 2, demonic guardian 2, foul stench 1
a: Renounce Religion, Berserk, Trog's Hand, Brothers in Arms


You were on level 9 of the Dungeon.
You worshipped Trog.
Trog was greatly pleased with you.
You visited 1 branch of the dungeon, and saw 9 of its levels.
You also visited: Sewer.

You collected 545 gold pieces.
You spent 432 gold pieces at shops.

Inventory:

Hand Weapons
 a - a +0 mace
 b - a +1 whip of electrocution
 f - a +0 dire flail of venom
 q - a +1 whip of electrocution
 y - a +3 whip of draining (weapon)
 N - a +0 flail of protection
Missiles
 h - 2 atropa-tipped darts
 o - 5 boomerangs
 P - 6 poisoned darts
Armour
 d - a +0 chain mail
 l - a +0 ring mail
 r - a +0 kite shield
 v - the +3 ring mail of the Will of the Gods (worn) {Dex+4}
   (You bought it in a shop on level 8 of the Dungeon)

   Dex+4:     It affects your dexterity (+4).
 B - a +2 pair of boots (worn)
 F - a +0 pair of gloves (worn)
 H - a +0 helmet (worn)
Jewellery
 p - a ring of willpower (left hand)
 w - a ring of magical power
 L - an amulet of the acrobat
 M - a ring of fire
Talismans
 e - a flux talisman
 s - a talisman of death
Wands
 I - a wand of roots (12)
Scrolls
 g - a scroll of revelation
 i - 5 scrolls of identify
 j - a scroll of fog
 n - 2 scrolls of noise
 t - a scroll of vulnerability
 u - 2 scrolls of summoning {unknown}
 G - a scroll of poison {unknown}
 K - 2 scrolls of teleportation
 O - a scroll of enchant armour
Potions
 c - a potion of heal wounds
 k - 3 potions of curing
 m - a potion of attraction {unknown}
 x - 2 potions of berserk rage {unknown}
 z - 2 potions of resistance {unknown}
 A - 3 potions of enlightenment
 C - a potion of brilliance {unknown}
 D - a potion of might {unknown}
 E - a potion of haste {unknown}
 J - a potion of cancellation {unknown}


   Skills:
 + Level 7.6 Fighting
 + Level 10.2 Maces & Flails
 + Level 6.6 Armour
 - Level 4.0 Dodging
 + Level 3.7 Stealth


You had 9 spell levels left.
You didn't know any spells.
Your spell library was empty.

Dungeon Overview and Level Annotations

Branches:
Dungeon (9/15)             Temple (0/1) D:6           Sewer (visited)
   Lair: D:8-11         Orc: D:9-12

Altars:
Ashenzari
Okawaru
Wu Jian

Shops:
D:8 [?

Annotations:
D:7 exclusion: oklob plant
D:9 Amaemon


Innate Abilities, Weirdness & Mutations

You have hoof-like feet.
You are surrounded by a moderate repulsion field. (EV +3)
A demonic guardian rushes to your aid.
You may rarely emit foul miasma when damaged in melee.


Message History

You feel sick.
Amaemon zaps a wand.
The bolt of acid misses you.
Unknown command.
You barely miss the merfolk.
The merfolk is heavily wounded.
You feel sick.
The merfolk hits you with a +1 trident of venom.
* * * LOW HITPOINT WARNING * * *
You are more poisoned.
Unknown command.
Unknown command.
You whack the merfolk!
The merfolk is severely wounded.
You feel sick.
Amaemon zaps a wand.
The bolt of acid hits you!!
* * * LOW HITPOINT WARNING * * *
A demonic guardian appears!
The acid corrodes you!
Unknown command.
You hit the merfolk.
The merfolk is severely wounded.
* * * LOW HITPOINT WARNING * * *
You feel sick. The merfolk closely misses you.
Unknown command.
Unknown command.
You are too berserk!
Unknown command.
You closely miss the merfolk.
The merfolk is severely wounded.
* * * LOW HITPOINT WARNING * * *
You feel sick.
Unknown command.
You hit the merfolk.
The merfolk is almost dead.
* * * LOW HITPOINT WARNING * * *
You feel sick.
Amaemon casts a spell at something.
The merfolk hits you but does no damage.
You are more poisoned.
Unknown command.
You hit the merfolk.
The merfolk is almost dead.
You die...

#....... ###.......
........). ## ##/#......
.### #........ ..#####>
.## ##....!.†
#......##..# #.......
######.<.# #....y†.
#...m@...# #...yy.†
#...4....###.....!.o4. .
#.............g.......
..##.g.....#######.#.....
...........# #.#####.
#~~....†6..# #.
#~...(...[# .. #.
##~~......# .... .
#≈≈#####)##...!.


You could see Amaemon, a merfolk (drained, ally target), a gnoll sergeant and a
friendly rust devil (summoned).

Vanquished Creatures
  A two-headed ogre (D:9)
  Joseph (D:9)
  An unseen horror (D:7)
  Prince Ribbit (D:9)
  Grinder (D:3)
  Sigmund (D:2)
  A shadow (D:9)
  2 steam dragons
  An acid dragon (D:9)
  3 ice beasts
  An orc warrior (D:8)
  2 ogres
  2 centaurs
  3 kobold brigands
  3 scorpions
  2 wights (D:6)
  4 killer bees
  4 howler monkeys (D:9)
  4 orc priests
  A hound (D:4)
  A sleepcap (D:8)
  4 iguanas
  4 jellies
  4 orc wizards
  Robin (D:3)
  8 gnolls
  9 adders
  4 river rats (Sewer)
  A white imp (D:8)
  3 worms
  3 dart slugs
  29 orcs
  13 endoplasms
  A giant cockroach (D:6)
  7 goblins
  5 hobgoblins
  2 jackals (Sewer)
  5 quokkas
  8 ball pythons
  12 bats
  3 frilled lizards
  8 kobolds
  12 rats
186 creatures vanquished.

Vanquished Creatures (collateral kills)
  Pikel (D:6)
  An ogre (D:4)
  A kobold brigand (D:9)
  A wight (D:6)
  A killer bee (D:9)
  A howler monkey (D:9)
  2 jellies (D:7)
  3 endoplasms (D:7)
  A goblin (D:3)
  2 kobolds
14 creatures vanquished.

Grand Total: 200 creatures vanquished

Notes
Turn   | Place    | Note
-------+----------+-------------------------------------------
     0 | D:1      | dialectric the Demonspawn Berserker began the quest for the
                  | Orb.
     0 | D:1      | Reached XP level 1. HP: 18/18 MP: 1/1
   200 | D:1      | Found a faded altar of an unknown god.
   254 | D:1      | Gained mutation: A weak demonic guardian rushes to your
                  | aid. [demonic ancestry]
   254 | D:1      | Reached XP level 2. HP: 20/24 MP: 2/2
   564 | D:1      | Reached skill level 3 in Maces & Flails
   735 | D:2      | Gained mutation: You have large cloven feet. [demonic
                  | ancestry]
   735 | D:2      | Reached XP level 3. HP: 15/29 MP: 3/3
   984 | D:2      | Found an iron altar of Okawaru.
  1052 | D:2      | Reached ** piety under Trog
  1074 | D:2      | Reached XP level 4. HP: 37/37 MP: 4/4
  1133 | D:2      | Noticed Sigmund
  1143 | D:2      | Killed Sigmund
  1144 | D:2      | Reached skill level 4 in Maces & Flails
  1144 | D:2      | Gained mutation: You are surrounded by a mild repulsion
                  | field. (EV +2) [demonic ancestry]
  1144 | D:2      | Reached XP level 5. HP: 42/42 MP: 5/5
  1622 | D:3      | Noticed Grinder
  1656 | D:3      | Killed Grinder
  1657 | D:3      | Reached skill level 5 in Maces & Flails
  1657 | D:3      | Reached skill level 1 in Stealth
  1657 | D:3      | Gained mutation: You have hoof-like feet. [demonic
                  | ancestry]
  1657 | D:3      | Reached XP level 6. HP: 33/49 MP: 6/6
  1772 | D:3      | Noticed Robin
  1790 | D:3      | Killed Robin
  2208 | D:4      | Identified the "Tity"
  2225 | D:4      | Gained mutation: You may rarely emit foul miasma when
                  | damaged in melee. [demonic ancestry]
  2225 | D:4      | Reached XP level 7. HP: 35/55 MP: 7/7
  2517 | D:4      | Reached skill level 6 in Maces & Flails
  2973 | D:4      | Noticed a steam dragon
  2984 | D:4      | Killed a steam dragon
  2985 | D:4      | Reached skill level 5 in Fighting
  2985 | D:4      | Gained mutation: A demonic guardian rushes to your aid.
                  | [demonic ancestry]
  2985 | D:4      | Reached XP level 8. HP: 58/62 MP: 8/8
  3268 | D:5      | Entered Level 5 of the Dungeon
  3529 | D:5      | Reached *** piety under Trog
  3932 | D:5      | Identified the +0 robe "Rorr" {Harm}
  3986 | D:5      | Found an ornate altar of the Wu Jian Council.
  4152 | D:6      | Found a glowing drain.
  4203 | D:6      | Reached skill level 7 in Maces & Flails
  4223 | D:6      | HP: 1/60 [wight/+0 mace (9)]
  4342 | Sewer    | Entered a sewer
  5044 | D:6      | Noticed Pikel
  5055 | D:6      | Killed Pikel
  5056 | D:6      | Reached skill level 5 in Armour
  5056 | D:6      | Gained mutation: You are surrounded by a moderate repulsion
                  | field. (EV +3) [demonic ancestry]
  5056 | D:6      | Reached XP level 9. HP: 48/69 MP: 9/9
  5414 | D:6      | Reached skill level 8 in Maces & Flails
  5638 | D:6      | Found a staircase to the Ecumenical Temple.
  5886 | D:7      | Noticed an oklob plant
  6283 | D:7      | Killed an unseen horror
  6753 | D:8      | Reached **** piety under Trog
  7123 | D:8      | Found Fezuc's Antique Armour Shoppe.
  7127 | D:8      | Bought an encrusted ring mail for 297 gold pieces
  7127 | D:8      | Identified the +3 ring mail of the Will of the Gods {Dex+4}
                  | (You bought it in a shop on level 8 of the Dungeon)
  7162 | D:8      | Found Ten Ypek's Magic Scroll Emporium.
  7171 | D:8      | Bought a scroll of teleportation for 30 gold pieces
  7171 | D:8      | Bought a scroll of teleportation for 30 gold pieces
  7171 | D:8      | Bought a scroll of enchant armour for 75 gold pieces
  7195 | D:8      | Reached skill level 9 in Maces & Flails
  7216 | D:8      | Found a broken altar of Ashenzari.
  7374 | D:9      | Noticed Prince Ribbit
  7384 | D:9      | Noticed Joseph
  7392 | D:9      | Killed Prince Ribbit
  7393 | D:9      | Reached XP level 10. HP: 59/79 MP: 10/10
  7402 | D:9      | Noticed a two-headed ogre
  7577 | D:9      | Killed a two-headed ogre
  7691 | D:9      | Killed Joseph
  7692 | D:9      | Reached skill level 10 in Maces & Flails
  7709 | D:9      | Noticed Amaemon
  7726 | D:9      | Noticed an orange demon
  7763 | D:9      | HP: 5/118 [poisoned by a merfolk]
  7765 | D:9      | HP: 1/118 [poisoned by a merfolk]
  7766 | D:9      | Succumbed to a merfolk's poison

Illustrated notes

Levels and vault maps discovered:
D:1:      wander_arrival_fairy_ring, layout_basic,
          chequers_ecumenical_altar_simple_redux
D:2:      layout_loops_cross, basic_altar, uniq_sigmund
D:3:      layout_basic, uniq_grinder, uniq_robin
D:4:      minmay_wonky_spiral, layout_basic, hangedman_decor_riveting
D:5:      layout_gridville, nicolae_wu_jian_immortal_techniques,
          mainiacjoe_overflow_tiny_flanked, dreamdust_wishing_well
D:6:      layout_cave_pods, mainiacjoe_overflow_24_doors, temple_green,
          cheibrodos_sewer_entry_drain, uniq_pikel
D:7:      lemuel_slime, layout_loops_ring
D:8:      layout_rooms, nicolae_overflow_crystal_walls, serial_shops, shop, shop
D:9:      layout_rooms, roderic_batcave, roadster_trireme, uniq_amaemon,
          uniq_joseph, uniq_prince_ribbit1

Skill      XL: |  1  2  3  4  5  6  7  8  9 10 |
---------------+-------------------------------+-----
Maces & Flails | 3 4 5 6 7 9 10 | 10.2
Dodging        | 2 3 4 |  4.0
Fighting       | 4 5 7 |  7.6
Stealth        | 1 2 3 |  3.7
Armour         | 2 5 6 |  6.6

Action                     |  1- 3 |  4- 6 |  7- 9 | 10-12 || total
---------------------------+-------+-------+-------+-------++-------
  Melee: Mace              |    39 |       |       |       ||    39
         Dire flail        |    45 |    60 |    75 |    20 ||   200
         Kick              |     4 |    14 |    26 |       ||    44
         Whip              |       |       |   346 |    81 ||   427
         Punch             |       |       |     4 |     1 ||     5
 Invoke: Berserk           |     1 |     4 |    11 |     2 ||    18
    Use: Scroll            |       |     1 |     8 |     1 ||    10
         Potion            |       |       |     3 |     1 ||     4
   Stab: Sleeping          |     1 |       |     3 |       ||     4
         Distracted        |       |       |       |     1 ||     1
 Armour: Animal skin       |    42 |    31 |       |       ||    73
         Ring mail         |       |     6 |   209 |    54 ||   269
  Dodge: Dodged            |    63 |    50 |   273 |   114 ||   500

Table legend: (Time is in decaauts)
 A = Elapsed time spent in this place.
 B = Non-inter-level travel time spent in this place.
 C = Inter-level travel time spent in this place.
 D = Time resting spent in this place.
 E = Time spent auto-exploring this place.
 F = Levels seen in this place.
 G = Mean time per level.
                   A        B        C        D        E       F      G
               +--------+--------+--------+--------+--------+-----+--------+
         Total |   7889 |   7701 |    188 |    165 |   5679 |  10 |  788.9 |
       Dungeon |   7432 |   7244 |    188 |    165 |   5397 |   9 |  825.8 |
         Sewer |    457 |    457 |      0 |      0 |    282 |   1 |  457.0 |
               +--------+--------+--------+--------+--------+-----+--------+

Top non-repeatable levels by time:
     D:6: 1153 daAuts
     D:4: 1099 daAuts
     D:7: 977 daAuts
     D:2: 884 daAuts
     D:5: 868 daAuts
     D:1: 696 daAuts
     D:3: 693 daAuts
     D:8: 658 daAuts
   Sewer: 457 daAuts
     D:9: 402 daAuts
